AoeStats
← LE FURET

Fortress

507403443Analyzed
4v4 RM · 14d ago on Sep 18, 2026· 49m 38s· 8 players
Game mode
Random Map
Map size
Huge
Population
200
Speed
Normal
Resources
Standard
Victory
Conquest
Starting age
Dark Age
Ending age
Imperial Age
RankedLock teamsTeams togetherTeam positionsShared explorationLock speedFull tech treeHidden civsTurbo modeCheats
Victory
Defeat
🇨🇱 Khmer · Chile
1375
+15
🇲🇽 Wei · Mexico
1362
+16
🇦🇷 Italians · Argentina
1342
+17
🇲🇽 Tupi · Mexico
1301
+17
🇻🇳 Tupi · Vietnam
1386
-18
🇨🇱 Teutons · Chile
1355
-16
🇦🇷 Mongols · Argentina
1353
-16
🇲🇽 Portuguese · Mexico
1329
-15
:) YO30830
7:48 Feudal Age
8:13 Horse Collar
8:19 Double-Bit Axe
8:25 Gold Mining
9:15 Wheelbarrow
13:08 Castle Age
12:27 Loom
16:31 Scale Barding Armor
17:05 Bow Saw
25:53 Gold Shaft Mining
25:10 Stone Mining
25:30 Caravan
26:52 Tuntian
29:23 Chain Barding Armor
29:15 Forging
29:55 Hand Cart
29:52 Bloodlines
29:43 Husbandry
33:44 Imperial Age
35:06 Ming Guang Armor
35:05 Conscription
34:29 Heavy Hei Guang Cavalry
36:56 Light Cavalry
38:55 Stone Shaft Mining
39:18 Town Watch
39:16 Hussar
47:32 Chemistry
:) Tu tu ruuuu
7:57 Feudal Age
8:53 Loom
12:10 Castle Age
10:43 Double-Bit Axe
10:57 Horse Collar
12:02 Fletching
13:12 Wheelbarrow
13:57 Bow Saw
15:29 Heavy Plow
17:04 Bodkin Arrow
17:50 Padded Archer Armor
20:07 Ballistics
20:53 Gold Mining
20:55 Stone Mining
22:25 Leather Archer Armor
22:57 Hand Cart
26:34 Scale Mail Armor
28:12 Caravan
31:17 Imperial Age
32:21 Gold Shaft Mining
32:06 Bracer
32:45 Curare
33:24 Conscription
33:08 Elite Blackwood Archer
33:35 Elite Skirmisher
34:44 Caciques
36:03 Two-Man Saw
37:30 Elite Ibirapema Warrior
38:27 Chain Mail Armor
38:23 Forging
38:43 Ring Archer Armor
39:04 Squires
38:49 Arson
41:35 Plate Mail Armor
41:40 Iron Casting
42:43 Capped Ram
44:00 Pikeman
44:44 Siege Ram
48:04 Halberdier
LE FURET
8:05 Feudal Age
11:09 Castle Age
9:01 Double-Bit Axe
9:28 Horse Collar
12:02 Bow Saw
13:26 Wheelbarrow
15:14 Heavy Plow
20:35 Gold Mining
21:43 Hand Cart
25:42 Imperial Age
23:50 Pikeman
26:12 Heavy Scorpion
27:15 Scale Mail Armor
27:25 Forging
27:51 Double Crossbow
28:11 Conscription
28:09 Loom
28:10 Town Watch
30:00 Siege Engineers
29:29 Halberdier
33:58 Iron Casting
33:38 Chain Mail Armor
34:11 Gold Shaft Mining
38:52 Blast Furnace
37:59 Scale Barding Armor
38:13 Bloodlines
38:04 Husbandry
39:07 Arson
39:48 Caravan
40:13 Light Cavalry
41:02 Capped Ram
43:25 Siege Ram
TekinNico23
6:11 Feudal Age
7:14 Horse Collar
7:19 Double-Bit Axe
12:26 Castle Age
11:25 Loom
17:29 Wheelbarrow
18:32 Town Watch
23:04 Imperial Age
22:23 Fletching
22:33 Padded Archer Armor
23:00 Bodkin Arrow
23:10 Crossbowman
25:10 Chemistry
24:43 Arbalester
26:11 Ballistics
27:30 Thumb Ring
28:12 Leather Archer Armor
28:34 Bracer
29:35 Hand Cart
30:17 Ring Archer Armor
35:01 Fortified Wall
37:34 Bow Saw
38:03 Town Patrol
39:48 Conscription
40:28 Forging
41:35 Caravan
42:04 Forging
44:43 Iron Casting
Ars Radiophonik
8:16 Feudal Age
12:28 Castle Age
10:28 Double-Bit Axe
11:47 Horse Collar
20:09 Imperial Age
18:13 Bow Saw
18:15 Loom
19:09 Gold Mining
20:17 Fortified Wall
22:16 Wheelbarrow
21:38 Fletching
23:41 Hand Cart
24:49 Chemistry
24:06 Town Watch
27:20 Conscription
27:47 Ballistics
29:40 Pikeman
31:24 Scale Mail Armor
31:35 Forging
31:23 Halberdier
33:16 Chain Mail Armor
33:36 Iron Casting
37:14 Arson
44:33 Plate Mail Armor
45:04 Blast Furnace
Youtube Nimro7
7:13 Feudal Age
8:53 Loom
11:29 Castle Age
9:49 Double-Bit Axe
10:32 Horse Collar
12:37 Wheelbarrow
20:26 Gold Mining
23:47 Imperial Age
21:32 Scale Barding Armor
21:38 Forging
22:21 Bow Saw
22:43 Bloodlines
23:10 Hand Cart
22:57 Town Watch
24:36 Iron Casting
24:22 Chain Barding Armor
24:19 Cavalier
26:06 Blast Furnace
25:19 Heavy Plow
27:50 Plate Barding Armor
27:41 Paladin
28:49 Conscription
32:58 Caravan
44:22 Onager
felixaleman1010
8:30 Feudal Age
12:25 Castle Age
10:27 Double-Bit Axe
10:50 Horse Collar
17:51 Loom
18:58 Bow Saw
19:56 Fletching
20:55 Padded Archer Armor
21:22 Town Watch
22:53 Gold Mining
24:21 Ballistics
24:03 Bodkin Arrow
24:23 Leather Archer Armor
25:20 Wheelbarrow
25:31 Masonry
29:00 Imperial Age
27:34 Bloodlines
27:24 Husbandry
29:40 Gold Shaft Mining
28:43 Light Cavalry
30:12 Conscription
31:33 Chemistry
31:04 Bracer
31:53 Elite Mangudai
32:47 Heavy Plow
33:37 Parthian Tactics
33:51 Thumb Ring
33:14 Elite Skirmisher
34:09 Hussar
35:29 Scale Barding Armor
35:35 Forging
36:34 Chain Barding Armor
37:18 Hand Cart
39:06 Iron Casting
42:12 Siege Engineers
41:29 Pikeman
42:10 Squires
43:07 Elite Steppe Lancer
44:53 Nomads
45:19 Drill
50:37 Blast Furnace
8co
8:12 Feudal Age
9:12 Double-Bit Axe
9:15 Loom
12:15 Castle Age
10:00 Horse Collar
11:41 Wheelbarrow
13:10 Bow Saw
17:06 Fletching
17:59 Gold Mining
20:01 Bodkin Arrow
24:33 Padded Archer Armor
33:51 Imperial Age
32:04 Wheelbarrow
32:02 Stone Mining
32:57 Leather Archer Armor
34:15 Ballistics
34:31 Heavy Plow
35:07 Gold Shaft Mining
33:55 Elite Blackwood Archer
34:57 Conscription
35:01 Bracer
36:17 Chemistry
37:12 Curare
38:13 Squires
37:35 Champi Runner
38:52 Elite Skirmisher
39:55 Champi Warrior
40:37 Scale Mail Armor
40:48 Forging
41:31 Elite Champi Warrior
44:06 Chain Mail Armor
44:59 Iron Casting
Connection lost

Rejoining the realm…

Still unreachable

The connection could not be restored.

Session expired

The server has moved on; the page needs a fresh start.